Workbook

Sheet DASHBOARD
B2: 🏠 RENTAL DASHBOARD
B3: Auto-computed — do not edit
B5: RENT COLLECTED (all time) | E5: RENT EXPECTED (all time)
B6: =SUM('RENT LOG'!D2:D6) | E6: =SUM('RENT LOG'!C2:C6)
B8: UNPAID BALANCE | E8: COLLECTION RATE
B9: =SUM('RENT LOG'!F2:F6) | E9: =IF(SUM('RENT LOG'!C2:C6)=0,0,SUM('RENT LOG'!D2:D6)/SUM('RENT LOG'!C2:C6))
B11: TOTAL EXPENSES | E11: NET INCOME (rent − expenses)
B12: =SUM(EXPENSES!E2:E6) | E12: =SUM('RENT LOG'!D2:D6)-SUM(EXPENSES!E2:E6)
B14: UNITS WITH LATE/PARTIAL RENT | E14: EXPIRED LEASES
B15: =COUNTIF('RENT LOG'!G2:G6,"🔴 LATE")+COUNTIF('RENT LOG'!G2:G6,"🟡 PARTIAL") | E15: =COUNTIF(PROPERTIES!F2:F6,"⚠️ EXPIRED")
B17: PER-UNIT SUMMARY
B18: Unit | C18: Collected (₱) | D18: Expenses (₱) | E18: Rent due
B19: =IF(PROPERTIES!A2="","",PROPERTIES!A2) | C19: =IF(PROPERTIES!A2="","",SUMIF('RENT LOG'!B:B,PROPERTIES!A2,'RENT LOG'!D:D)) | D19: =IF(PROPERTIES!A2="","",SUMIF(EXPENSES!B:B,PROPERTIES!A2,EXPENSES!E:E)) | E19: =IF(PROPERTIES!A2="","",SUMIF('RENT LOG'!B:B,PROPERTIES!A2,'RENT LOG'!C:C))
B20: =IF(PROPERTIES!A3="","",PROPERTIES!A3) | C20: =IF(PROPERTIES!A3="","",SUMIF('RENT LOG'!B:B,PROPERTIES!A3,'RENT LOG'!D:D)) | D20: =IF(PROPERTIES!A3="","",SUMIF(EXPENSES!B:B,PROPERTIES!A3,EXPENSES!E:E)) | E20: =IF(PROPERTIES!A3="","",SUMIF('RENT LOG'!B:B,PROPERTIES!A3,'RENT LOG'!C:C))
B21: =IF(PROPERTIES!A4="","",PROPERTIES!A4) | C21: =IF(PROPERTIES!A4="","",SUMIF('RENT LOG'!B:B,PROPERTIES!A4,'RENT LOG'!D:D)) | D21: =IF(PROPERTIES!A4="","",SUMIF(EXPENSES!B:B,PROPERTIES!A4,EXPENSES!E:E)) | E21: =IF(PROPERTIES!A4="","",SUMIF('RENT LOG'!B:B,PROPERTIES!A4,'RENT LOG'!C:C))
B22: =IF(PROPERTIES!A5="","",PROPERTIES!A5) | C22: =IF(PROPERTIES!A5="","",SUMIF('RENT LOG'!B:B,PROPERTIES!A5,'RENT LOG'!D:D)) | D22: =IF(PROPERTIES!A5="","",SUMIF(EXPENSES!B:B,PROPERTIES!A5,EXPENSES!E:E)) | E22: =IF(PROPERTIES!A5="","",SUMIF('RENT LOG'!B:B,PROPERTIES!A5,'RENT LOG'!C:C))
B23: =IF(PROPERTIES!A6="","",PROPERTIES!A6) | C23: =IF(PROPERTIES!A6="","",SUMIF('RENT LOG'!B:B,PROPERTIES!A6,'RENT LOG'!D:D)) | D23: =IF(PROPERTIES!A6="","",SUMIF(EXPENSES!B:B,PROPERTIES!A6,EXPENSES!E:E)) | E23: =IF(PROPERTIES!A6="","",SUMIF('RENT LOG'!B:B,PROPERTIES!A6,'RENT LOG'!C:C))
B30: DEMO VERSION — limited rows. Full version: 200 rows per sheet.

Sheet README
B2: RENTSHEET — Rental Property Income & Expense Tracker
B3: For landlords with 1–20 units. Works in Excel and Google Sheets.
B5: HOW TO USE (3 steps):
B6: 1. List your units in PROPERTIES (rent, tenant, lease dates — status is automatic).
B7: 2. Log rent payments in RENT LOG and costs in EXPENSES (property dropdowns auto-fill).
B8: 3. DASHBOARD shows collection rate, unpaid rent, expenses per unit, and net income.
B10: SHEETS:
B11: • DASHBOARD — collected vs expected, collection rate, late payments, net operating income, per-unit summary.
B12: • PROPERTIES — units with tenant, rent, lease start/end; EXPIRED lease alert automatically.
B13: • RENT LOG — one row per rent payment; auto balance (due − paid) and PAID/PARTIAL/LATE status.
B14: • EXPENSES — repairs, taxes, insurance, management — rolled into net income per unit.
B16: NOTES:
... B23: *** DEMO VERSION — limited rows. Full version = 200 rows + free updates. ***

Sheet PROPERTIES
A1: Unit / Property | B1: Tenant | C1: Monthly Rent (₱) | D1: Lease Start | E1: Lease End | F1: Lease Status | G1: Notes
A2: Unit 2A — Maple St. | B2: Santos family | C2: 12000 | D2: 46235 | E2: 46415 | F2: =IF(A2="","",IF(E2="","—",IF(E2<TODAY(),"⚠️ EXPIRED","ACTIVE")))
A3: Unit 5B — Maple St. | B3: R. Cruz | C3: 9500 | D3: 46235 | E3: 46232 | F3: =IF(A3="","",IF(E3="","—",IF(E3<TODAY(),"⚠️ EXPIRED","ACTIVE")))
F4: =IF(A4="","",IF(E4="","—",IF(E4<TODAY(),"⚠️ EXPIRED","ACTIVE")))
F5: =IF(A5="","",IF(E5="","—",IF(E5<TODAY(),"⚠️ EXPIRED","ACTIVE")))
F6: =IF(A6="","",IF(E6="","—",IF(E6<TODAY(),"⚠️ EXPIRED","ACTIVE")))

Sheet RENT LOG
A1: Rent Month | B1: Property | C1: Rent Due (₱) | D1: Amount Paid (₱) | E1: Date Paid | F1: Balance (₱) | G1: Status
A2: 46204 | B2: Unit 2A — Maple St. | C2: 12000 | D2: 12000 | E2: 46235 | F2: =IF(B2="","",C2-D2) | G2: =IF(B2="","",IF(F2<=0,"✅ PAID",IF(D2>0,"🟡 PARTIAL","🔴 LATE")))
A3: 46235 | B3: Unit 2A — Maple St. | C3: 12000 | D3: 6000 | F3: =IF(B3="","",C3-D3) | G3: =IF(B3="","",IF(F3<=0,"✅ PAID",IF(D3>0,"🟡 PARTIAL","🔴 LATE")))
A4: 46204 | B4: Unit 5B — Maple St. | C4: 9500 | D4: 9500 | F4: =IF(B4="","",C4-D4) | G4: =IF(B4="","",IF(F4<=0,"✅ PAID",IF(D4>0,"🟡 PARTIAL","🔴 LATE")))
F5: =IF(B5="","",C5-D5) | G5: =IF(B5="","",IF(F5<=0,"✅ PAID",IF(D5>0,"🟡 PARTIAL","🔴 LATE")))
F6: =IF(B6="","",C6-D6) | G6: =IF(B6="","",IF(F6<=0,"✅ PAID",IF(D6>0,"🟡 PARTIAL","🔴 LATE")))

Sheet EXPENSES
A1: Date | B1: Property | C1: Category | D1: Description | E1: Amount (₱)
A2: 46238 | B2: Unit 2A — Maple St. | C2: Repairs | D2: Leaky faucet | E2: 850
